 Dungeon Crawl Stone Soup version 0.30-a0-170-g85af917532 (webtiles) character file.

Game seed: 5061130679697067029

74 qw the Chopper (level 4, 0/28 HPs)
             Began as a Gargoyle Fighter on Sept 30, 2022.
             Slain by a hobgoblin (4 damage)
             ... led by Robin
             ... on level 2 of the Dungeon.
             The game lasted 00:00:35 (1482 turns).

qw the Chopper (Gargoyle Fighter)                   Turns: 1482, Time: 00:00:35

Health: 0/28       AC: 10    Str: 22    XL:     4   Next: 28%
Magic:  4/4        EV:  9    Int:  8    God:
Gold:   72         SH:  4    Dex:  9    Spells: 3/3 levels left

rFire   . . .      SeeInvis .    Y - +0 war axe
rCold   . . .      Faith    .    c - +0 buckler
rNeg    + + .      Spirit   .    b - +0 scale mail
rPois   inf        Reflect  .    (no helmet)
rElec   +          Harm     .    (no cloak)
rCorr   .          Rampage  .    (no gloves)
Will    .....                    (no boots)
Stlth   ..........               (no amulet)
HPRegen 0.09/turn                h - ring of positive energy
MPRegen 0.09/turn                (no ring)

@: no status effects
A: sickness immunity, AC +3, negative energy resistance 1, electricity
resistance, torment resistance 1, petrification resistance
a: no special abilities


You were on level 2 of the Dungeon.
You visited 1 branch of the dungeon, and saw 2 of its levels.

You collected 72 gold pieces.


Innate Abilities, Weirdness & Mutations

You are immune to sickness and miasma.
Your stone body is resilient. (AC +3)
You are immune to poison.
You resist negative energy. (rN+)
You are resistant to electric shocks. (rElec)
You are resistant to unholy torment.
You are immune to petrification.


   Skills:
 - Level 3.2 Fighting
 + Level 4.0 Axes
 - Level 3.2 Armour
 - Level 3.2 Shields


You had 3 spell levels left.
You didn't know any spells.
Your spell library was empty.

Inventory:

Hand Weapons
 e - a +0 whip
 Y - a +0 war axe (weapon)
Armour
 b - a +0 scale mail (worn)
 c - a +0 buckler (worn)
Jewellery
 h - a ring of positive energy (left hand)
 j - an amulet of regeneration
Scrolls
 a - a scroll of noise {unknown}
 g - a scroll of identify
Potions
 d - a potion of might
 f - a potion of curing {unknown}
 i - a potion of lignification
 k - a potion of heal wounds {unknown}
 l - a potion of cancellation {unknown}

Dungeon Overview and Level Annotations

Branches:
Dungeon (2/15)

Altars:


Message History

The hobgoblin goes into a battle-frenzy!
You hit Robin but do no damage.
Robin is heavily wounded.
You slash the hobgoblin!
You kill the hobgoblin!
You closely miss the hobgoblin. You barely miss the goblin.
The hobgoblin no longer looks unusually strong.
The hobgoblin barely misses you.
Robin roars a battlecry!
The hobgoblin goes into a battle-frenzy!
The goblin hits you but does no damage.
You slash Robin!
You kill Robin!
You closely miss the goblin. You hit the hobgoblin.
You closely miss the goblin.
The goblin no longer looks unusually strong. x2
A quokka comes into view.
The goblin hits you but does no damage. x2
The hobgoblin hits you but does no damage.
The quokka moves out of view.
Your Axes skill increases to level 4!
You closely miss the hobgoblin.
The hobgoblin is heavily wounded.
You hit the goblin.
You kill the goblin!
You barely miss the goblin. You closely miss the rat.
The goblin hits you but does no damage. You block the hobgoblin's attack.
The rat bites you but does no damage. The hobgoblin hits you.
The goblin barely misses you. The rat bites you but does no damage.
You slash the hobgoblin!
You kill the hobgoblin!
You closely miss the rat. You closely miss the goblin.
The rat bites you but does no damage. The goblin hits you with a +0 club.
You slash the goblin!
You kill the goblin!
You hit the rat but do no damage. You slash the hobgoblin!
You kill the hobgoblin!
You hit the hobgoblin.
The goblin no longer looks unusually strong.
The hobgoblin hits you.
You die...

#...# #...# #...# ## # #
#...# #...
###.#####...##### #.#.
.......g.........##.##.#
......)r)............#..
#:.g@)........#.....#
######...##### ##...
#[..# #.. #... ###...###
#..##..( #...[...#
#....... ####.#...#.#
#.#####. #.......##.#
#.# #. #.##.#####.# #.#
#. .. #.#####.###.# #.


You could see a hobgoblin (strong), a goblin and a rat.

Vanquished Creatures
  Robin (D:2)
  An adder (D:2)
  2 dart slugs (D:1)
  3 ball pythons
  3 endoplasms (D:1)
  2 giant cockroaches (D:1)
  8 goblins
  10 hobgoblins
  4 jackals (D:2)
  2 quokkas
  A bat (D:1)
  2 frilled lizards (D:1)
  3 kobolds (D:1)
  3 rats
45 creatures vanquished.

Vanquished Creatures (others)
  2 plants (D:1)
2 creatures vanquished.

Grand Total: 47 creatures vanquished

Notes
Turn   | Place    | Note
-------+----------+-------------------------------------------
     0 | D:1      | qw the Gargoyle Fighter began the quest for the Orb.
     0 | D:1      | Reached XP level 1. HP: 14/14 MP: 1/1
     0 | D:1      | 0 ||| qw: Version: 0.2-a-13-gfc7b4b4
     0 | D:1      | 0 ||| qw: Game counter: 1658
     0 | D:1      | 0 ||| qw: Always use a shield: true
     0 | D:1      | 0 ||| qw: God list: Okawaru
     0 | D:1      | 0 ||| qw: Allow faded altars: false
     0 | D:1      | 0 ||| qw: Do Orc after D:15 true
     0 | D:1      | 0 ||| qw: Do second Lair branch before Depths: true
     0 | D:1      | 0 ||| qw: Lair rune preference: random
     0 | D:1      | 0 ||| qw: Plans: Normal, Zot:1-4, God:TSO, Crypt, Tomb,
                  | Pan, Slime:5, Hells, Abyss, Orb
     0 | D:1      | 0 ||| PLANNING D:1-11
    43 | D:1      | 43 ||| Stepping ~*~*~tactically~*~*~ (stealth).
    44 | D:1      | 44 ||| Stepping ~*~*~tactically~*~*~ (stealth).
    48 | D:1      | Reached skill level 2 in Axes
   145 | D:1      | 145 ||| Stepping ~*~*~tactically~*~*~ (stealth).
   177 | D:1      | Reached XP level 2. HP: 19/19 MP: 2/2
   533 | D:1      | 533 ||| Stepping ~*~*~tactically~*~*~ (stealth).
   534 | D:1      | 534 ||| Stepping ~*~*~tactically~*~*~ (stealth).
   544 | D:1      | Reached skill level 3 in Axes
   590 | D:1      | Reached XP level 3. HP: 21/23 MP: 3/3
   631 | D:1      | Found a faded altar of an unknown god.
   693 | D:1      | 693 ||| Stepping ~*~*~tactically~*~*~ (stealth).
  1185 | D:1      | 1185 ||| UPGRADING to ring of positive energy.
  1186 | D:1      | 1186 ||| READING scroll labelled COC OP OSOY.
  1242 | D:1      | 1242 ||| READING 3 scrolls labelled XOEMOOG LEARABB.
  1243 | D:1      | 1243 ||| READING scroll labelled MOJI NAUWNISO.
  1246 | D:1      | 1246 ||| READING 4 scrolls labelled TEIVEI DIWKEXOACK.
  1247 | D:1      | 1247 ||| READING 2 scrolls of identify.
  1247 | D:1      | 1247 ||| IDENTIFYING dark potion
  1248 | D:1      | 1248 ||| DROPPING 3 scrolls of amnesia.
  1290 | D:2      | 1290 ||| Stepping ~*~*~tactically~*~*~ (stealth).
  1291 | D:2      | 1291 ||| Stepping ~*~*~tactically~*~*~ (stealth).
  1419 | D:2      | 1419 ||| Stepping ~*~*~tactically~*~*~ (stealth).
  1420 | D:2      | 1420 ||| Stepping ~*~*~tactically~*~*~ (stealth).
  1466 | D:2      | Noticed Robin
  1474 | D:2      | Reached XP level 4. HP: 23/28 MP: 4/4
  1477 | D:2      | HP: 6/28 [goblin/+0 dagger[Robin] (3)]
  1479 | D:2      | Killed Robin
  1480 | D:2      | Reached skill level 4 in Axes
  1482 | D:2      | Slain by a hobgoblin

Levels and vault maps discovered:
D:1:      dpeg_arrival_water_fire, layout_basic,
          shapermc_ecumenical_altar_ellora, st_stairs_5, serial_bayou_pond_b
D:2:      layout_loops_cross, uniq_crazy_yiuf_cottage, uniq_robin

Skill      XL: |  1  2  3  4 |
---------------+-------------+-----
Axes           | 2 3 4 |  4.0
Fighting       | |  3.2
Armour         | |  3.2
Shields        | |  3.2

Action                   |  1- 3 |  4- 6 || total
-------------------------+-------+-------++-------
Melee: War axe           |   104 |     9 ||   113
  Use: Scroll            |     5 |       ||     5
Armor: Scale mail        |    52 |    17 ||    69
Dodge: Dodged            |    47 |     5 ||    52
Block: Buckler           |    14 |     2 ||    16

Table legend:
 A = Non-vault XP
 B = Vault XP
 C = Vault XP percentage of total XP
 D = Non-vault monster count
 E = Vault monster count
 F = Vault count percentage of total count
                 A         B        C        D         E       F
            +---------+---------+-------+---------+---------+-------
      Total |      63 |      47 |  42.7 |      28 |      17 |  37.8
            +---------+---------+-------+---------+---------+-------
        D:1 |      33 |      14 |  29.8 |      18 |       7 |  28.0
        D:2 |      30 |      33 |  52.4 |      10 |      10 |  50.0
            +---------+---------+-------+---------+---------+-------
